Map: Eternal Empire LE

Players

jheffe

  • Race: Terran Terran
  • League: Master
  • Spawn Location: 7:00

Nina - Winner!

  • Race: Protoss Protoss
  • League: Grandmaster
  • Spawn Location: 1:00

Event: DreamHack SC2 Masters 2020 Summer North America

VOD

Have the link to the VOD?

Description

Time

  • Played on: June 30, 2020, 5:07 p.m.
  • Length: 18:59

All games in this series

Show
View Real Time Build Order
Export as new Build Order

jheffe Terran 

Build Orders: Liberator Opening 

Get SALT Encoding   

  12  0:00  SCV  
  13  0:12  SCV  
  14  0:17  Supply Depot  
  14  0:24  SCV  
  15  0:38  SCV  
  15  0:40  Barracks  
  16  0:45  Refinery  
  16  0:50  SCV  
  17  1:03  SCV  
  18  1:15  SCV  
  19  1:27  Orbital Command, Marine  
  20  1:46  Command Center  
  20  1:55  SCV, Factory  
  21  2:04  Barracks Reactor  
  21  2:08  Supply Depot  
  21  2:10  SCV  
  22  2:16  Refinery  
  22  2:22  SCV  
  23  2:34  SCV  
  24  2:40  Starport  
  24  2:45  Hellion x2  
  24  2:47  Marine  
  24  2:48  SCV  
  30  3:00  SCV, Orbital Command  
  31  3:07  Hellion  
  31  3:10  Hellion  
  35  3:16  SCV  
  35  3:17  Medivac  
  37  3:28  Widow Mine  
  37  3:32  Widow Mine  
  40  3:35  SCV  
  40  3:38  Barracks Tech Lab  
  40  3:39  SCV  
  42  3:46  Supply Depot  
  42  3:51  Liberator  
  42  3:53  SCV  
  46  4:05  Supply Depot  
  46  4:07  SCV  
  46  4:08  SCV  
  44  4:20  SCV x2  
  44  4:22  Marine x2, Siege Tank  
  51  4:32  SCV  
  51  4:38  SCV  
  53  4:40  Supply Depot  
  53  4:44  SCV  
  54  4:46  Marine x2  
  54  4:50  SCV  
  54  4:51  Bunker  
  57  4:54  Siege Tank  
  60  5:01  SCV  
  60  5:02  SCV  
  59  5:11  Marine x2  
  57  5:15  Command Center  
  57  5:17  SCV  
  57  5:18  Supply Depot  
  57  5:19  SCV  
  57  5:22  Barracks  
  55  5:28  Barracks  
  55  5:29  SCV  
  55  5:30  Siege Tank  
  55  5:31  SCV  
  55  5:34  Marine x2  
  60  5:41  SCV  
  60  5:42  Engineering Bay x2  
  61  5:43  SCV  
  62  5:51  Marine  
  62  5:52  Marine  
  62  5:53  SCV  
  62  5:56  SCV  
  60  6:05  SCV  
  60  6:09  Marine x2  
  58  6:17  SCV  
  58  6:21  Barracks Tech Lab  
  58  6:22  Terran Infantry Weapons Level 1, Terran Infantry Armor Level 1  
  58  6:23  SCV  
  58  6:24  Starport Reactor  
  58  6:25  Refinery  
  59  6:26  Factory Tech Lab  
  59  6:28  Refinery, Orbital Command  
  59  6:29  SCV  
  59  6:30  Stimpack  
  59  6:32  Marine x2  
  61  6:35  SCV  
  63  6:41  SCV, Marauder x2  
  63  6:43  Supply Depot  
  68  6:47  SCV  
  68  6:50  Siege Tank  
  72  6:54  SCV  
  72  6:55  SCV  
  74  7:03  SCV  
  75  7:09  SCV, Medivac x2  
  75  7:11  Marauder  
  82  7:15  Orbital Command  
  82  7:17  SCV  
  82  7:21  SCV  
  82  7:23  Marauder, Marine  
  82  7:29  SCV  
  86  7:31  Barracks  
  86  7:32  Barracks  
  86  7:33  SCV, Marauder  
  86  7:34  Armory  
  89  7:37  Missile Turret  
  89  7:38  Supply Depot x2  
  89  7:39  Missile Turret  
  89  7:41  SCV, Marine x2  
  92  7:44  Marauder  
  92  7:45  Siege Tank  
  97  7:52  SCV x2  
  97  7:54  SCV  
  100  7:59  Medivac  
  100  8:00  Marauder  
  100  8:01  Supply Depot  
  100  8:02  Supply Depot  
  100  8:04  SCV  
  105  8:07  Marine  
  105  8:08  Marauder  
  105  8:09  Medivac  
  105  8:11  SCV  
  111  8:14  Refinery  
  111  8:15  Refinery  
  111  8:21  Marauder  
  111  8:23  SCV, Supply Depot, Terran Infantry Weapons Level 2  
  111  8:24  Supply Depot  
  114  8:27  SCV  
  114  8:29  SCV  
  116  8:38  Marauder, Marine  
  116  8:39  Barracks Reactor, Barracks Tech Lab  
  119  8:43  Marauder, Marine  
  119  8:44  SCV, Siege Tank  
  119  8:46  Supply Depot  
  119  8:47  Supply Depot  
  126  8:50  Medivac, Missile Turret  
  126  8:53  SCV  
  126  8:55  Ghost Academy  
  129  8:58  Combat Shield  
  129  9:00  Marauder  
  126  9:12  Marauder x2, Marine x2  
  126  9:16  Missile Turret x2  
  130  9:21  Command Center, Marauder  
  132  9:25  Sensor Tower  
  132  9:28  Siege Tank  
  135  9:32  Concussive Shells, Enhanced Shockwaves  
  135  9:39  Terran Infantry Armor Level 2  
  135  9:42  Missile Turret  
  135  9:44  Bunker  
  135  9:49  Marine x4  
  137  10:07  Supply Depot  
  129  10:20  Marauder, Marine x2  
  129  10:21  Marauder  
  121  10:26  Ghost  
  121  10:27  Marine x2  
  125  10:35  Missile Turret  
  125  10:36  Missile Turret  
  125  10:39  Viking x2  
  129  10:45  Ghost x2, Marine x2  
  135  10:54  SCV x2  
  135  10:55  SCV  
  138  11:05  Missile Turret  
  138  11:06  SCV, Ghost  
  141  11:12  Terran Infantry Weapons Level 3  
  141  11:13  Ghost  
  141  11:14  Sensor Tower  
  141  11:16  Planetary Fortress  
  143  11:19  Unknown  
  143  11:20  Missile Turret  
  143  11:30  Marauder, Command Center, Marine  
  146  11:35  SCV  
  146  11:36  SCV  
  146  11:37  SCV  
  149  11:47  Marine x3  
  149  11:48  SCV  
  149  11:53  Barracks  
  153  11:54  Barracks x2  
  153  11:57  Siege Tank  
  153  12:00  Terran Vehicle Weapons Level 1, Terran Infantry Armor Level 3  
  156  12:08  Ghost  
  156  12:09  Ghost x2  
  156  12:11  Personal Cloaking  
  152  12:43  Marine x4  
  152  12:44  Marauder x3  
  162  12:46  Command Center  
  161  13:05  Marauder  
  158  13:08  Marine x4  
  158  13:09  Marauder x2, Barracks Tech Lab  
  158  13:10  Barracks Tech Lab, Siege Tank  
  165  13:16  Ghost Academy x2  
  165  13:26  Marauder  
  164  13:33  Marauder, Marine  
  164  13:39  Marine x4  
  164  13:40  Marauder x2  
  164  13:41  Planetary Fortress  
  172  13:53  Siege Tank  
  172  13:54  Marauder, Marine  
  178  13:55  Barracks Tech Lab  
  178  13:56  Nuke x3  
  178  14:00  Terran Vehicle Weapons Level 2  
  178  14:02  Orbital Command  
  178  14:06  Command Center  
  178  14:10  SCV x3  
  142  14:53  Marine  
  142  14:54  Marauder x4, Marine x3  
  146  15:02  Marine x2  
  146  15:04  Orbital Command  
  137  15:11  Marine x2  
  137  15:12  Marine  
  128  15:15  Marauder, Marine  
  128  15:16  Marauder x3  
  128  15:20  Marauder, Marine  
  135  15:29  Marine  
  135  15:30  Marine x2  
  135  15:33  Command Center, Missile Turret  
  135  15:34  Siege Tank  
  141  15:36  Ghost  
  141  15:37  Missile Turret, Marauder x3  
  149  15:45  Medivac x2  
  149  15:47  Planetary Fortress  
  149  15:49  Neosteel Armor  
  153  15:50  Unknown, Hi-Sec Auto Tracking  
  153  16:00  Ghost x3  
  159  16:04  Refinery  
  159  16:05  Refinery  
  159  16:06  Marine, Siege Tank  
  159  16:07  Marine x3  
  150  16:44  Orbital Command  
  150  16:46  Ghost  
  135  17:04  Marine x3  
  135  17:05  Marauder x5, Marine  
  135  17:06  Siege Tank  
  142  17:15  Orbital Command  
  127  17:16  Marauder  
  127  17:22  Marine x3  
  127  17:26  Marauder x3  
  134  17:35  Ghost x2  
  134  17:36  Ghost, Orbital Command  
  140  17:40  Siege Tank  
  140  17:42  Medivac x2  
  142  18:11  Bunker  
  142  18:14  Ghost x2  
  142  18:15  Marine x2  
  142  18:16  Marauder  
  150  18:20  Missile Turret  
  150  18:21  Missile Turret  
Show
View Real Time Build Order
Export as new Build Order

Nina Protoss - Winner!

Build Orders: 1 Gate Expand, Blink Stalkers 

Get SALT Encoding   

  12  0:00  Probe  
  13  0:12  Probe  
  14  0:17  Pylon  
  14  0:24  Probe  
  15  0:32  Probe  
  15  0:36  Gateway  
  15  0:40  Probe  
  17  0:50  Assimilator  
  17  0:51  Probe  
  18  1:03  Probe  
  19  1:15  Probe  
  20  1:25  Cybernetics Core  
  20  1:32  Probe  
  21  1:36  Nexus  
  21  1:43  Pylon  
  21  1:45  Probe  
  22  1:50  Assimilator  
  22  1:52  Adept  
  22  1:57  Probe  
  23  2:04  Warp Gate  
  25  2:10  Probe  
  25  2:13  Adept  
  26  2:22  Probe  
  29  2:30  Twilight Council  
  29  2:34  Probe  
  30  2:46  Probe  
  30  2:48  Stalker  
  30  2:49  Probe  
  34  2:54  Gateway  
  34  2:58  Probe  
  35  3:01  Probe  
  36  3:07  Gateway  
  36  3:10  Probe  
  37  3:15  Blink  
  37  3:18  Probe  
  38  3:28  Probe  
  37  3:34  Probe  
  37  3:40  Probe, Robotics Facility  
  39  3:44  Shield Battery, Pylon  
  39  3:46  Probe  
  40  3:52  Probe  
  40  3:55  Stalker, Pylon  
  43  3:59  Probe  
  43  4:02  Pylon  
  44  4:04  Probe  
  44  4:11  Probe  
  43  4:17  Stalker x2  
  43  4:19  Probe  
  43  4:23  Probe  
  49  4:25  Observer  
  48  4:31  Probe  
  48  4:35  Probe  
  48  4:36  Pylon  
  48  4:38  Assimilator  
  51  4:42  Nexus  
  51  4:44  Pylon, Observer  
  51  4:47  Probe  
  51  4:48  Probe  
  54  5:04  Probe  
  53  5:08  Probe, Stalker  
  53  5:09  Stalker  
  55  5:16  Probe  
  55  5:17  Stalker  
  55  5:20  Probe  
  59  5:23  Pylon  
  59  5:28  Probe, Pylon  
  59  5:32  Probe  
  59  5:33  Charge  
  61  5:35  Gateway  
  61  5:41  Probe  
  62  5:44  Probe  
  62  5:46  Forge, Gateway  
  61  6:08  Probe x2  
  61  6:17  Probe  
  58  6:18  Observer  
  58  6:20  Probe  
  58  6:21  Probe, Immortal, Stalker x2  
  58  6:22  Stalker  
  58  6:24  Protoss Ground Armor Level 1, Gateway  
  70  6:31  Gateway  
  70  6:33  Probe  
  70  6:34  Pylon  
  70  6:35  Probe  
  70  6:38  Probe  
  73  6:43  Probe, Observer  
  73  6:44  Probe, Robotics Bay  
  74  6:47  Probe  
  74  6:51  Probe  
  74  6:53  Probe, Sentry  
  78  6:55  Probe  
  78  6:59  Probe  
  81  7:02  Probe  
  81  7:05  Probe  
  81  7:07  Immortal  
  88  7:11  Probe  
  86  7:20  Stalker x2  
  89  7:24  Zealot  
  89  7:25  Zealot x3  
  89  7:28  Shield Battery  
  89  7:29  Assimilator  
  95  7:31  Assimilator  
  95  7:32  Zealot  
  95  7:34  Probe  
  95  7:36  Colossus  
  98  7:41  Nexus  
  104  7:52  Zealot x2  
  104  7:54  Probe  
  104  7:56  Pylon  
  104  7:57  Extended Thermal Lance, Pylon  
  109  8:02  Forge  
  109  8:05  Pylon  
  109  8:14  Probe  
  109  8:15  Zealot x4  
  109  8:17  Probe  
  120  8:21  Pylon, Zealot  
  120  8:22  Zealot  
  120  8:24  Protoss Ground Armor Level 2  
  120  8:26  Zealot  
  125  8:27  Warp Prism, Probe  
  125  8:29  Probe  
  125  8:30  Protoss Ground Weapons Level 1  
  129  8:37  Sentry x2  
  129  8:38  Zealot  
  133  8:42  Pylon  
  133  8:44  Pylon  
  133  8:46  Zealot  
  135  8:54  Probe x2  
  137  8:55  Probe  
  137  8:56  Colossus  
  137  8:59  Zealot x2  
  142  9:09  Probe  
  149  9:16  Probe x2  
  152  9:18  Zealot x3  
  152  9:19  Zealot  
  159  9:26  Templar Archives  
  159  9:27  Probe  
  159  9:29  Robotics Facility  
  159  9:30  Photon Cannon  
  160  9:32  Probe  
  160  9:34  Unknown  
  160  9:36  Shield Battery  
  161  9:39  Probe  
  161  9:42  Pylon  
  161  9:45  Pylon x2  
  162  9:48  Pylon  
  162  9:50  Assimilator  
  162  9:54  Disruptor  
  162  9:58  Pylon  
  163  10:01  Zealot x5  
  163  10:02  Zealot  
  171  10:09  Observer  
  171  10:13  Protoss Ground Weapons Level 2  
  159  10:19  Probe  
  159  10:20  Disruptor x2  
  139  10:21  Probe  
  139  10:24  Zealot x7  
  155  10:38  Gateway  
  155  10:39  Gateway  
  155  10:42  Photon Cannon, Gateway  
  155  10:43  Gateway  
  155  10:45  High Templar x4  
  155  10:46  Disruptor  
  155  10:47  High Templar  
  155  10:48  Protoss Ground Armor Level 3, High Templar  
  155  10:49  Archon x2  
  167  10:53  Archon  
  170  11:00  Nexus  
  170  11:03  Pylon  
  170  11:04  Warp Prism, Pylon  
  170  11:05  Probe  
  170  11:11  Probe x2  
  173  11:14  High Templar, Photon Cannon, Disruptor  
  173  11:18  Gravitic Drive  
  177  11:19  Pylon  
  180  11:30  Psionic Storm  
  180  11:32  Photon Cannon  
  180  11:36  Photon Cannon  
  180  11:39  High Templar  
  182  11:41  Zealot x5  
  192  11:50  Pylon  
  192  11:52  Pylon  
  192  11:56  Warp Prism, Observer  
  195  12:09  Photon Cannon  
  195  12:11  Photon Cannon  
  195  12:12  Shield Battery  
  195  12:13  Dark Shrine, Shield Battery  
  195  12:15  Photon Cannon  
  195  12:16  Photon Cannon  
  189  12:28  Protoss Ground Weapons Level 3  
  186  12:33  Disruptor  
  186  12:36  Zealot x6  
  191  12:51  Gateway x2  
  189  12:55  Zealot  
  189  12:56  Zealot x4  
  189  12:58  Shield Battery  
  187  13:03  Photon Cannon  
  187  13:06  Disruptor  
  187  13:12  Warp Prism  
  192  13:20  Shadow Stride  
  192  13:36  Pylon, Assimilator  
  192  13:37  Assimilator  
  192  13:38  Photon Cannon  
  192  13:40  Photon Cannon  
  188  13:52  Warp Prism  
  184  13:58  Robotics Facility  
  184  14:00  Protoss Shields Level 1  
  184  14:03  Zealot x5  
  184  14:04  Zealot x3  
  136  14:46  Zealot  
  136  14:47  Zealot x6  
  131  14:53  Zealot x6  
  131  14:58  Colossus  
  131  14:59  Colossus  
  109  15:08  Zealot x7  
  121  15:17  Stalker x3  
  121  15:18  Stalker x3  
  121  15:22  Colossus  
  121  15:25  Probe  
  121  15:26  Probe  
  121  15:27  Photon Cannon  
  123  15:33  Dark Templar x7  
  143  15:46  Nexus  
  143  15:48  Dark Templar x6  
  143  15:49  Pylon  
  155  15:52  Colossus, Disruptor  
  164  15:57  Nexus  
  164  16:07  Pylon, Dark Templar x4  
  164  16:08  Dark Templar x3  
  178  16:16  Photon Cannon  
  178  16:18  Photon Cannon  
  178  16:22  Shield Battery  
  178  16:28  Dark Templar x3  
  178  16:29  Dark Templar x2  
  164  16:42  Stalker x3  
  164  16:43  Stalker x3  
  175  16:51  Observer x2  
  175  16:53  Zealot x2  
  179  17:02  Probe  
  179  17:03  Probe x2  
  179  17:04  Probe  
  179  17:05  Pylon  
  179  17:06  Observer  
  179  17:08  Pylon  
  175  17:11  Stalker  
  175  17:12  Stalker x2, Observer  
  175  17:14  Observer  
  183  17:21  Gravitic Boosters  
  183  17:28  Zealot x6  
  195  17:31  Photon Cannon  
  195  17:33  Photon Cannon  
  195  17:36  Photon Cannon  
  191  17:40  Pylon  
  191  17:41  Unknown  
  191  17:47  Zealot x4  
  199  18:06  Nexus  
  183  18:28  Dark Templar x4  
  183  18:29  Dark Templar x3  
  195  18:38  Zealot x2  
  199  18:42  Archon  
  169  18:57  Zealot x4  
Tags
 
Add a new tag
Caveats
  • Supply blocks, unpowered buildings, or Contaminate may cause inaccurate times.
  • Supply counts are checked every 10 seconds.